 Dungeon Crawl Stone Soup version 0.30-a0-1103-g25895a7845 (webtiles) character file.

Game seed: 14718888675600096407

88222 ytrimaz the Spry (level 15, -1/120 HPs)
             Began as a Demonspawn Monk on Apr 18, 2023.
             Was an Initiate of Jiyva.
             Slain by a +2 dire flail of electrocution (16 damage)
             ... created by the rancor of the Wu Jian Council
             ... on level 1 of the Snake Pit on Apr 19, 2023.
             The game lasted 00:30:41 (22461 turns).

ytrimaz the Spry (Demonspawn Monk)                 Turns: 22461, Time: 00:30:42

Health: -1/120     AC: 10    Str: 18    XL:     15   Next: 45%
Magic:  4/5        EV: 37    Int:  6    God:    Jiyva [......]
Gold:   1424       SH:  5    Dex: 28    Spells: 14/14 levels left

rFire   . . .      SeeInvis .    u - +11 falchion "Pagitizi" {antimagic, Contam rElec Str+7 Int-5}
rCold   . . .      Faith    .    d - orb {light}
rNeg    . . .      Spirit   .    W - +0 acid dragon scales
rPois   +          Reflect  +    E - +0 helmet
rElec   +          Rampage  .    (cloak unavailable)
rCorr   +                        (no gloves)
Will    +....                    l - +0 pair of boots
Stlth   +                        K - amulet of reflection
HPRegen 0.40/turn                X - ring of poison resistance
MPRegen 0.18/turn                k - +5 ring of evasion

@: spiked, hasted, glowing, very quick
A: rugged brown scales 2, foul stench 2, magic regeneration, weakness stinger 3,
talons 1, thin skeletal structure 1, agile 1, subdued magic 1
a: Renounce Religion


You were on level 1 of the Snake Pit.
You worshipped Jiyva.
Jiyva was noncommittal.
You visited 5 branches of the dungeon, and saw 23 of its levels.

You collected 2213 gold pieces.
You spent 789 gold pieces at shops.


Innate Abilities, Weirdness & Mutations

You are mostly covered in rugged brown scales. (AC +2, +5% HP)
You sometimes emit foul miasma when damaged in melee.
You regenerate magic rapidly.
You have a sharp stinger which inflicts weakening toxins.
You have sharp toenails.
You have a somewhat thin skeletal structure. (Dex +2, Stealth+)
You are agile. (Dex +4, Str/Int -1)
Your spells are a little easier to cast, but a little less powerful.


   Skills:
 + Level 10.0 Fighting
 - Level 14.0 Long Blades
 - Level 20.0 Dodging


You had 14 spell levels left.
You didn't know any spells.
Your spell library contained the following spells:

 Spells                   Type           Power      Damage    Failure   Level
 Slow                     Hex            0%         N/A       50%         1
 Sting                    Tmut/Pois      0%         1d3       50%         1
 Cigotuvi's Dreadful Rot  Necr/Pois/Air  0%         N/A       65%         2
 Ensorcelled Hibernation  Hex/Ice        0%         N/A       65%         2
 Passwall                 Tmut/Erth      0%         N/A       65%         2
 Static Discharge         Conj/Air       0%         2-2/arc   65%         2
 Sublimation of Blood     Necr           0%         N/A       65%         2
 Call Canine Familiar     Summ           0%         N/A       87%         3
 Confusing Touch          Hex            0%         N/A       87%         3
 Ignite Poison            Fire/Tmut/Pois 0%         N/A       87%         3
 Portal Projectile        Hex/Tloc       0%         N/A       87%         3
 Swiftness                Air            0%         N/A       87%         3
 Vampiric Draining        Necr           0%         2d6       87%         3
 Vhi's Electric Charge    Tloc/Air       0%         N/A       87%         3
 Volatile Blastmotes      Fire/Tloc      0%         2d10      87%         3
 Airstrike                Air            0%         2d(0-16)  99%         4
 Fulminant Prism          Conj/Hex       0%         3d5       99%         4
 Iskenderun's Mystic Bla  Conj/Tloc      0%         2d3       99%         4
 Leda's Liquefaction      Hex/Erth       0%         N/A       99%         4
 Petrify                  Tmut/Erth      0%         N/A       99%         4
 Summon Lightning Spire   Summ/Air       0%         N/A       99%         4
 Arcjolt                  Conj/Air       0%         1d10      100%        5
 Freezing Cloud           Conj/Ice/Air   0%         6-21      100%        5
 Irradiate                Conj/Tmut      0%         3d11      100%        5
 Lee's Rapid Deconstruct  Erth           0%         3d4*      100%        5
 Eringya's Noxious Bog    Tmut/Pois      0%         N/A       100%        6
 Maxwell's Capacitive Co  Air            0%         ∞         100%        8

Inventory:

Hand Weapons
 u - the +11 falchion "Pagitizi" (weapon) {antimagic, Contam rElec Str+7 Int-5}
   (You found it on level 3 of the Dungeon)

   Str:       It affects your strength (+7).
   Int:       It affects your intelligence (-5).
   rElec:     It insulates you from electricity.
   Contam:    It causes magical contamination when unequipped.
 z - the +3 rapier of Doom {speed, rF+ Dex+6}
   (You bought it in a shop on level 2 of the Orcish Mines)

   Dex:       It affects your dexterity (+6).
   rF:        It protects you from fire.
Armour
 d - an orb of light (worn)
 l - a +0 pair of boots (worn)
   (You found it on level 1 of the Dungeon)
 C - a +2 robe of cold resistance
   (You took it off Pikel on level 7 of the Dungeon)
 E - a +0 helmet (worn)
   (You found it on level 10 of the Dungeon)
 G - a +0 troll leather armour
   (You found it on level 9 of the Dungeon)
 W - +0 acid dragon scales (worn)
   (You found it on level 13 of the Dungeon)
Jewellery
 g - a ring of protection from cold
   (You found it on level 1 of the Dungeon)
 i - a +6 ring of strength
   (You found it on level 1 of the Dungeon)
 k - a +5 ring of evasion (right hand)
   (You found it on level 1 of the Dungeon)
 r - a ring of flight
   (You found it on level 3 of the Dungeon)
 t - a +6 ring of strength
   (You found it on level 3 of the Dungeon)
 K - an amulet of reflection (around neck)
   (You found it on level 9 of the Dungeon)
 O - an amulet of magic regeneration
   (You found it on level 11 of the Dungeon)
 X - a ring of poison resistance (left hand)
   (You bought it in a shop on level 13 of the Dungeon)
Wands
 a - a wand of iceblast (2)
   (You found it on level 3 of the Lair of Beasts)
 f - a wand of mindburst (8)
   (You found it on level 1 of the Snake Pit)
 h - a wand of polymorph (14) (quivered)
   (You took it off Jessica on level 2 of the Dungeon)
 H - a wand of digging (10)
   (You found it on level 9 of the Dungeon)
 M - a wand of light (10)
   (You found it on level 10 of the Dungeon)
 V - a wand of paralysis (5)
   (You found it on level 15 of the Dungeon)
Scrolls
 e - 4 scrolls of enchant weapon
 j - 2 scrolls of torment
 m - 8 scrolls of teleportation
 w - 4 scrolls of amnesia
 x - 4 scrolls of vulnerability
 A - 2 scrolls of butterflies
 B - 4 scrolls of enchant armour
 D - 10 scrolls of poison
 F - 4 scrolls of blinking
 I - 4 scrolls of fear
 J - a scroll of fog
 N - 2 scrolls of brand weapon
 P - 5 scrolls of noise
 T - 3 scrolls of magic mapping
 Z - 4 scrolls of identify
Potions
 b - 2 potions of haste
 c - 3 potions of ambrosia
 n - 3 potions of cancellation
 o - 3 potions of flight
 p - 2 potions of invisibility
 q - 4 potions of heal wounds
 s - 15 potions of curing
 v - 4 potions of attraction
 L - 4 potions of magic
 S - 2 potions of lignification
 U - 3 potions of brilliance
 Y - 2 potions of mutation
Miscellaneous
 R - a phantom mirror
   (You found it on level 12 of the Dungeon)

Dungeon Overview and Level Annotations

Branches:
Dungeon (15/15) Zot: 25462  Temple (1/1) D:7 Zot: 5959    Lair (4/5) D:10 Zot: 18849
 Shoals (0/4) Lair:3        Snake (1/4) Lair:2 Zot: 5461   Slime (0/5) Lair:4
    Orc (2/2) D:10 Zot: 10776     Elf (0/3) Orc:2        Vaults (0/5) D:13
 Depths (0/4) D:15

Altars:
Ashenzari
Cheibriados
Dithmenos
Fedhas
Gozag
Hepliaklqana
Kikubaaqudgha
Makhleb
Nemelex Xobeh
Okawaru
Qazlal
Ru
Sif Muna
Trog
Uskayaw
Vehumet
Wu Jian
Xom
Yredelemnul
Jiyva

Shops:
D:13 *   D:15 (   Orc:1 (   Orc:2 :(?=

Portals:
Trove: D:15 (give 6 scrolls of fog)

Annotations:
D:3 1 runed translucent door, ragingrage's ghost, amateur AtAr
D:14 4 transporters
Snake:1 2 transporters, Keuh's ghost, adept VSFi

...# ##..#
#...# #...#
# #...# ##
#... #.
..######.##
#.
....?..NS)#
#.
.......@###
#.
..#####(.(#
#. #(..# #.
#...# ##
#...# #
#...# #...#
#...# ###
#...#


You could see a naga warrior (catching breath, reflecting), a black mamba and 3
dancing weapons.


Message History

The black mamba completely misses you.
Unknown command. 😮 MP[+1]
You slash the naga warrior! The black mamba completely misses you.
The salamander completely misses you.
The naga warrior roars a battlecry!
The salamander goes into a battle-frenzy!
You hit the naga warrior but do no damage.
You tail-slap the naga warrior.
The naga warrior hits you with a +0 long sword!!
* * * LOW HITPOINT WARNING * * *
The naga warrior barely misses you. You block the black mamba's attack.
Unknown command. 😨 HP[-19]
You take 19 damage, and now have 44/120 hp.
You hit the naga warrior.
The salamander completely misses you. 😨 HP[+1]
You hit the naga warrior. The black mamba misses you.
The naga warrior spits poison at you. The splash of poison misses you.
Unknown command.
You slash the naga warrior!
You kill the naga warrior!
The black mamba completely misses you.
The salamander wields a +0 shortbow of flaming.
It bursts into flame!
The salamander shoots an arrow.
The arrow completely misses you.
Unknown command.
The black mamba barely misses you. The salamander completely misses you.
You see here a +0 long sword.
You hit the salamander. You tail-slap the salamander.
The black mamba misses you.
The salamander unwields a +0 shortbow of flaming.
It stops flaming.
The salamander hits you but does no damage.
Unknown command.
You slash the salamander!
You kill the salamander!
The black mamba completely misses you.
Sifu Ma Yunglu says: Die by a thousand cuts!
A +1 glaive of freezing, a +2 dire flail of electrocution, a +3 rapier of speed and a +3 glaive of freezing come into view.
Things that are here:
a +0 halberd; a salamander corpse; 😨 HP[+1]
You slash the salamander! The salamander misses you.
The black mamba completely misses you.
You hit the salamander. You tail-slap the salamander.
The salamander looks weaker.
The salamander no longer looks unusually strong.
You slash the salamander! The black mamba completely misses you.
The salamander hits you but does no damage. 😨 MP[+1]
You slash the salamander!
You kill the salamander!
The black mamba completely misses you. The naga warrior spits poison at you.
The splash of poison misses you.
Training target 20.0 for Dodging reached!
Your Dodging skill increases to level 20!
You need to enable at least one skill for training.
Unknown command.
Okay, then.
Okay, then.
Unknown command.
You completely miss the +3 rapier of speed.
You tail-slap the +3 rapier of speed!
The +1 glaive of freezing completely misses you.
Unknown command.
You slice the +3 rapier of speed!!
You destroy the +3 rapier of speed!
That felt strangely unrewarding.
The black mamba closely misses you.
The +3 glaive of freezing closely misses you. 😨 HP[+1]
The barbs in your skin will harm you if you move.
Continue?
Okay, then.
The naga warrior blocks your attack.
The naga warrior no longer looks unusually strong.
The black mamba closely misses you.
The +2 dire flail of electrocution hits you.
* * * LOW HITPOINT WARNING * * *
😨 HP[-5]
You take 5 damage, and now have 42/120 hp.
The naga warrior blocks your attack. The black mamba barely misses you.
Unknown command.
You barely miss the naga warrior.
The +1 glaive of freezing hits you from afar!!
* * * LOW HITPOINT WARNING * * *
The +1 glaive of freezing freezes you!
* * * LOW HITPOINT WARNING * * *
😱 HP[-27]
You take 27 damage, and now have 15/120 hp.
MASSIVE DAMAGE!! (PAUSE)
You slash the +2 dire flail of electrocution!
You tail-slap the +2 dire flail of electrocution, but do no damage.
The black mamba misses you. The naga warrior spits poison at you.
The splash of poison misses you.
The splash of poison hits the +2 dire flail of electrocution but does no damage.
The +3 glaive of freezing hits you but does no damage.
The +2 dire flail of electrocution hits you!
You die...

Skill      XL: |  1  2  3  4  5  6  7  8  9 10 11 12 13 14 15 |
---------------+----------------------------------------------+-----
Long Blades    | 3 4 5 6 8 9 11 13 14 | 14.0
Fighting       | 5 6 7 8 10 | 10.0
Dodging        | 4 7 9 12 16 18 20 | 20.0

Action                     |  1- 3 |  4- 6 |  7- 9 | 10-12 | 13-15 || total
---------------------------+-------+-------+-------+-------+-------++-------
  Melee: Falchion          |    76 |   131 |   216 |   605 |  1254 ||  2282
         Tailslap          |     8 |    17 |    28 |   131 |   310 ||   494
Ability: Lunge             |       |       |       |    42 |    56 ||    98
         Whirlwind         |       |       |       |    30 |    21 ||    51
  Evoke: Wand              |       |       |       |     3 |     4 ||     7
    Use: Scroll            |     2 |     3 |     7 |     7 |     4 ||    23
         Potion            |     1 |       |       |     4 |     6 ||    11
   Stab: Invisible         |       |       |       |       |     3 ||     3
         Sleeping          |       |       |       |       |     2 ||     2
         Distracted        |       |       |       |       |     1 ||     1
 Armour: Robe              |     8 |    14 |    39 |       |       ||    61
         Skin              |     4 |       |       |    28 |     4 ||    36
         Troll leather arm |       |       |       |    60 |    86 ||   146
         Acid dragon scale |       |       |       |       |    48 ||    48
  Dodge: Dodged            |    35 |   108 |   237 |   352 |  1231 ||  1963
  Block: Orb               |       |       |       |    75 |   249 ||   324
         Reflection        |       |       |       |     3 |    14 ||    17

Levels and vault maps discovered:
D:1:      minmay_arrival_semitransparent, layout_loops_ring
D:2:      layout_basic, uniq_sigmund, uniq_jessica
D:3:      layout_basic, gammafunk_ghost_grave
D:4:      layout_basic, general_overflow_altar, hangedman_minor_gate_pass,
          uniq_menkaure, uniq_crazy_yiuf_cottage
D:5:      layout_rooms, portal_sewer_entry_b, hangedman_decor_riveting,
          grunt_decor_resistance, uniq_blork_the_orc
D:6:      layout_gridville, led_xom_imps, lemuel_doored_altar,
          mainiacjoe_overflow_chevrons, gammafunk_temple_overflow_forgotten
D:7:      layout_basic, trog_book, minmay_temple_entry_from_below_a,
          hangedman_glass_teeth, uniq_pikel
D:8:      layout_loops_cross
D:9:      layout_basic, grunt_temple_overflow_diamond
D:10:     layout_basic, led_sif_pool, nicolae_kikubaaqudgha_miasma_corner,
          lair_entry_dummy, zombieorc2_lemuel, minmay_librarian, uniq_urug,
          uniq_lodul
D:11:     layout_rooms
D:12:     layout_cave_pools, uniq_josephine, uniq_jorgrun, uniq_nessos
D:13:     layout_basic, hangedman_vaults_entry_quadrant_bands, serial_shops,
          shop
D:14:     layout_roguey, kennysheep_small_spiral, nicolae_transporter_circle
D:15:     grunt_enter_depths_magical_seal, layout_basic,
          nicolae_trove_entry_free_sample, serial_shops, shop,
          nicolae_qazlal_style_of_elements, minmay_misc_feat_secret_circle,
          corexii_leaking_fountain
Temple:   hellmonk_temple_divided_pantheon
Lair:1:   cheibrodos_lair_river_kwai, layout_cave_shapes, lemuel_oklob_altar
Lair:2:   hellmonk_destroyed_diamonds, layout_long_grid,
          nicolae_snake_entry_warm_welcome, beast_lair_carwin_1
Lair:3:   dreamdust_isle_of_ice, layout_layer_cave, elwin_shoals_entry_stream,
          uniq_kirke
Lair:4:   layout_cave_pods, dpeg_slime_entry_corner
Snake:1:  layout_concentric_octagons, gammafunk_ghost_wrathful_warriors
Orc:1:    layout_caves, serial_shops, nicolae_shop_statue_plus, uniq_nergalle
Orc:2:    kennysheep_orc_mage_school, layout_caves, basic_altar

Notes
Turn   | Place    | Note
-------+----------+-------------------------------------------
     0 | D:1      | ytrimaz the Demonspawn Monk began the quest for the Orb.
     0 | D:1      | Reached XP level 1. HP: 18/18 MP: 1/1
     0 | D:1      | magus.rc [v1.9.6]
   327 | D:1      | Reached skill level 3 in Long Blades
   385 | D:1      | Gained mutation: You have a small tail. [demonic ancestry]
   385 | D:1      | Reached XP level 2. HP: 24/24 MP: 2/2
   877 | D:2      | Noticed Jessica
   880 | D:2      | Killed Jessica
   881 | D:2      | Reached XP level 3. HP: 30/30 MP: 3/3
   916 | D:2      | Reached skill level 4 in Fighting
  1001 | D:2      | Noticed Sigmund
  1019 | D:2      | Killed Sigmund
  1020 | D:2      | Reached skill level 5 in Fighting
  1020 | D:2      | Reached skill level 4 in Long Blades
  1020 | D:2      | Reached XP level 4. HP: 39/39 MP: 4/4
  1020 | D:2      | Gained mutation: You are partially covered in rugged brown
                  | scales. (AC +1, +3% HP) [demonic ancestry]
  1020 | D:2      | Reached XP level 5. HP: 45/45 MP: 5/5
  2011 | D:3      | Found a runed translucent door.
  2031 | D:3      | Noticed ragingrage's ghost (amateur AtAr)
  2203 | D:3      | Gained mutation: You have a tail ending in a sharp stinger.
                  | [demonic ancestry]
  2203 | D:3      | Reached XP level 6. HP: 47/52 MP: 6/6
  2384 | D:3      | Identified the +11 falchion "Pagitizi" {antimagic, Contam
                  | rElec Str+7 Int-5}
  2774 | D:4      | Reached skill level 5 in Long Blades
  3059 | D:4      | Noticed Menkaure
  3064 | D:4      | Killed Menkaure
  3065 | D:4      | Reached skill level 6 in Fighting
  3065 | D:4      | Gained mutation: You may rarely emit foul miasma when
                  | damaged in melee. [demonic ancestry]
  3065 | D:4      | Reached XP level 7. HP: 50/59 MP: 2/7
  3292 | D:4      | Found a runed translucent door.
  3293 | D:4      | Noticed Crazy Yiuf
  3486 | D:4      | Killed Crazy Yiuf
  3575 | D:5      | Entered Level 5 of the Dungeon
  3578 | D:5      | Reached skill level 6 in Long Blades
  3601 | D:4      | Reached skill level 7 in Fighting
  3750 | D:4      | Gained mutation: You sometimes emit foul miasma when
                  | damaged in melee. [demonic ancestry]
  3750 | D:4      | Reached XP level 8. HP: 40/69 MP: 2/8
  3912 | D:5      | Reached skill level 7 in Long Blades
  3973 | D:5      | You pick up a book of Alchemy and begin reading...
  3973 | D:5      | You add the spells Sublimation of Blood, Petrify and
                  | Irradiate to your library.
  3991 | D:5      | You pick up a book of the Hunter and begin reading...
  3991 | D:5      | You add the spells Call Canine Familiar, Portal Projectile
                  | and Leda's Liquefaction to your library.
  4194 | D:5      | Noticed Blork the orc
  4229 | D:5      | Killed Blork the orc
  4230 | D:5      | Reached skill level 8 in Fighting
  4544 | D:6      | HP: 17/71 [gnoll/+0 spear (7)]
  4546 | D:6      | Found an ornate altar of the Wu Jian Council.
  4549 | D:6      | HP: 10/71 [gnoll/+0 spear (3)]
  4794 | D:6      | Reached skill level 8 in Long Blades
  4937 | D:6      | Found a shimmering altar of Xom.
  4957 | D:6      | Reached XP level 9. HP: 77/77 MP: 3/9
  5012 | D:6      | Found a shadowy altar of Dithmenos.
  5031 | D:6      | Reached skill level 9 in Fighting
  5344 | D:6      | Found a blossoming altar of Fedhas.
  5354 | D:6      | Found a radiant altar of Vehumet.
  5383 | D:6      | Identified the +4 short sword of Bodily Harmony {flame,
                  | rElec}
  5457 | D:7      | Noticed a troll
  5463 | D:7      | Killed a troll
  5545 | D:7      | Noticed Pikel
  5554 | D:7      | Killed Pikel
  5555 | D:7      | Reached skill level 9 in Long Blades
  5872 | D:7      | Found a bloodstained altar of Trog.
  6008 | D:7      | Reached skill level 10 in Fighting
  6386 | D:7      | Found a staircase to the Ecumenical Temple.
  6599 | D:8      | Reached skill level 3 in Dodging
  7152 | D:8      | You add the spells Cigotuvi's Dreadful Rot, Ignite Poison
                  | and Freezing Cloud to your library.
  7240 | D:9      | Noticed a troll
  7245 | D:9      | Killed a troll
  7246 | D:9      | Reached skill level 4 in Dodging
  7365 | D:9      | Reached XP level 10. HP: 85/87 MP: 3/10
  7375 | D:9      | Reached skill level 10 in Long Blades
  7555 | D:9      | Reached skill level 5 in Dodging
  8073 | D:9      | Found a sacrificial altar of Ru.
  8077 | D:9      | Found a hazy altar of Hepliaklqana.
  8089 | D:9      | Found a hide-covered altar of Uskayaw.
  8296 | D:9      | Reached skill level 6 in Dodging
  8577 | Temple   | Entered the Ecumenical Temple
  8577 | Temple   | Found a transporter.
  8577 | Temple   | Found a transporter.
  8579 | Temple   | Found a transporter.
  8579 | Temple   | Found a transporter.
  8698 | D:6      | Became a worshipper of the Wu Jian Council
  8698 | D:6      | Reached * piety under Wu Jian
  8698 | D:6      | Reached ** piety under Wu Jian
  8795 | D:10     | Entered Level 10 of the Dungeon
  8810 | D:10     | Noticed Lodul
  8814 | D:10     | Noticed Urug
  8828 | D:10     | Killed Lodul
  8829 | D:10     | Reached skill level 11 in Long Blades
  8860 | D:10     | Killed Urug
  8861 | D:10     | Reached skill level 7 in Dodging
  8875 | D:10     | Reached XP level 11. HP: 59/92 MP: 3/11
  8952 | D:10     | Found a staircase to the Orcish Mines.
  8974 | D:10     | Reached *** piety under Wu Jian
  9124 | D:10     | Reached skill level 8 in Dodging
  9148 | D:10     | Found a shimmering blue altar of Sif Muna.
  9209 | D:10     | Found an ancient bone altar of Kikubaaqudgha.
  9257 | D:10     | Reached skill level 12 in Long Blades
  9372 | D:10     | Noticed a deep elf zephyrmancer
  9385 | D:10     | Killed a deep elf zephyrmancer
  9417 | D:10     | You pick up a book of Debilitation and begin reading...
  9417 | D:10     | You add the spells Slow, Vampiric Draining and Confusing
                  | Touch to your library.
  9429 | D:10     | You add the spells Vhi's Electric Charge, Arcjolt and
                  | Maxwell's Capacitive Coupling to your library.
  9473 | D:10     | Found a staircase to the Lair.
  9762 | D:11     | Reached **** piety under Wu Jian
  9784 | D:11     | Reached skill level 9 in Dodging
  9800 | D:11     | HP: 31/138 [yak (8)]
  9805 | D:11     | HP: 19/138 [yak (8)]
  9890 | D:11     | Noticed a boulder beetle
  9916 | D:11     | Killed a boulder beetle
  9985 | D:11     | Noticed a two-headed ogre
  9995 | D:11     | Killed a two-headed ogre
 10003 | D:11     | Reached skill level 13 in Long Blades
 10238 | D:12     | Noticed a boulder beetle
 10274 | D:12     | Noticed a tengu warrior
 10287 | D:12     | Killed a boulder beetle
 10288 | D:12     | Gained mutation: You have a sharp stinger which inflicts
                  | weakening toxins. [demonic ancestry]
 10288 | D:12     | Reached XP level 12. HP: 74/99 MP: 4/12
 10436 | Orc:1    | Entered Level 1 of the Orcish Mines
 10485 | Orc:1    | Reached skill level 10 in Dodging
 10615 | Orc:1    | Found Diyqiel's Weapon Boutique.
 10689 | Orc:2    | Entered Level 2 of the Orcish Mines
 10690 | Orc:2    | Paralysed by an orc sorcerer for 5 turns
 10947 | Orc:2    | Found a staircase to the Elven Halls.
 10990 | Orc:2    | Reached ***** piety under Wu Jian
 11206 | Orc:2    | Paralysed by an orc sorcerer for 4 turns
 11238 | Orc:2    | Paralysed by an orc sorcerer for 4 turns
 11255 | Orc:2    | Paralysed by an orc sorcerer for 5 turns
 11368 | Orc:2    | Found a radiant altar of Vehumet.
 11368 | Orc:2    | Identified a +0 robe of the Archmagi
 11368 | Orc:2    | Noticed Erolcha
 11379 | Orc:2    | Killed Erolcha
 11397 | Orc:2    | Found Rakar's Jewellery Emporium.
 11426 | Orc:2    | Paralysed by an orc sorcerer for 3 turns
 11433 | Orc:2    | Reached skill level 11 in Dodging
 11439 | Orc:2    | Found an ancient bone altar of Kikubaaqudgha.
 11468 | Orc:2    | Reached skill level 14 in Long Blades
 11474 | Orc:2    | Found Nyusej's Antique Weapon Emporium.
 11482 | Orc:2    | Bought a dazzling rapier for 297 gold pieces
 11482 | Orc:2    | Identified the +3 rapier of Doom {speed, rF+ Dex+6} (You
                  | bought it in a shop on level 2 of the Orcish Mines)
 11509 | Orc:2    | Found Siohysie's Book Shoppe.
 11523 | Orc:2    | Found Bughiol's Magic Scroll Shoppe.
 11758 | D:12     | Noticed a tengu warrior
 11768 | D:12     | HP: 24/99 [tengu warrior/+0 great sword (13)]
 11770 | D:12     | Killed a tengu warrior
 11772 | D:12     | Killed a tengu warrior
 11773 | D:12     | Reached skill level 12 in Dodging
 11957 | D:12     | Noticed Jorgrun
 11974 | D:12     | Killed Jorgrun
 12017 | D:12     | Noticed a two-headed ogre
 12026 | D:12     | Killed a two-headed ogre
 12112 | D:12     | Gained mutation: You regenerate magic rapidly. [demonic
                  | ancestry]
 12112 | D:12     | Reached XP level 13. HP: 92/106 MP: 4/13
 12138 | D:12     | Identified the +5 short sword of Tumult {spect, Dex+4}
 12152 | D:12     | Noticed Josephine
 12175 | D:12     | Killed Josephine
 12186 | D:12     | Reached skill level 13 in Dodging
 12242 | D:12     | Noticed Nessos
 12253 | D:12     | Killed Nessos
 12922 | D:13     | Reached skill level 14 in Dodging
 12965 | D:13     | Found a gate to the Vaults.
 13677 | D:13     | Found Vuafa's General Store.
 13685 | D:13     | Bought a scroll of identify for 24 gold pieces
 13685 | D:13     | Bought a scroll of magic mapping for 90 gold pieces
 13685 | D:13     | Bought a potion of brilliance for 48 gold pieces
 13749 | D:13     | Reached skill level 15 in Dodging
 13926 | D:13     | magus.rc [v1.9.6]
 14255 | D:14     | Found a transporter.
 14290 | D:14     | You pick up a book of Blasting and begin reading...
 14290 | D:14     | You add the spells Volatile Blastmotes, Fulminant Prism,
                  | Iskenderun's Mystic Blast and Lee's Rapid Deconstruction to
                  | your library.
 14495 | D:14     | Found a transporter.
 14508 | D:14     | Found a transporter.
 14614 | D:14     | Found a transporter.
 14618 | D:14     | You pick up a book of Burglary and begin reading...
 14618 | D:14     | You add the spells Passwall, Ensorcelled Hibernation and
                  | Swiftness to your library.
 14816 | D:14     | Reached skill level 16 in Dodging
 14827 | D:14     | Reached XP level 14. HP: 113/113 MP: 4/14
 14950 | D:15     | Entered Level 15 of the Dungeon
 14954 | D:15     | Found Uskof's Antique Weapon Shop.
 15369 | D:15     | Reached skill level 17 in Dodging
 15405 | D:15     | Reached ****** piety under Wu Jian
 15546 | D:15     | Found a stormy altar of Qazlal.
 15640 | D:15     | Found a portal to a secret trove of treasure.
 15698 | D:15     | This trove needs 6 scrolls of fog to function. Give it the
                  | items?
 15903 | D:15     | Found a staircase to the Depths.
 16358 | Lair:1   | Entered Level 1 of the Lair of Beasts
 16580 | D:13     | Bought a ring of poison resistance for 240 gold pieces
 16580 | D:13     | Bought a scroll of magic mapping for 90 gold pieces
 16975 | Lair:1   | Reached skill level 18 in Dodging
 17108 | Lair:1   | Found a sacrificial altar of Ru.
 17503 | Lair:1   | You add the spells Sting and Eringya's Noxious Bog to your
                  | library.
 17503 | Lair:1   | Got the Discursus on the Mutagenic Jinx
 18445 | Lair:2   | Found a staircase to the Snake Pit.
 18510 | Lair:2   | Gained mutation: You are mostly covered in rugged brown
                  | scales. (AC +2, +5% HP) [demonic ancestry]
 18510 | Lair:2   | Reached XP level 15. HP: 73/120 MP: 5/15
 19061 | Lair:2   | Gained mutation: You have a somewhat thin skeletal
                  | structure. (Dex +2, Stealth+) [potion of mutation]
 19061 | Lair:2   | Gained mutation: Your spells are a little easier to cast,
                  | but a little less powerful. [potion of mutation]
 19061 | Lair:2   | Gained mutation: You have sharp toenails. [potion of
                  | mutation]
 19061 | Lair:2   | Gained mutation: You are agile. (Dex +4, Str/Int -1)
                  | [potion of mutation]
 19275 | Lair:3   | Reached skill level 19 in Dodging
 19455 | Lair:3   | Noticed Kirke
 19475 | Lair:3   | Killed Kirke
 19949 | Lair:3   | Found a staircase to the Shoals.
 20274 | Lair:3   | You pick up a book of Storms and begin reading...
 20274 | Lair:3   | You add the spells Static Discharge, Airstrike and Summon
                  | Lightning Spire to your library.
 21043 | Lair:4   | Found a viscous altar of Jiyva.
 21043 | Lair:4   | Found a staircase to the Slime Pits.
 21739 | Lair:4   | Fell from the grace of Wu Jian
 21739 | Lair:4   | Became a worshipper of Jiyva Juecraem the Shapeless
 21881 | Snake:1  | Entered Level 1 of the Snake Pit
 22004 | Snake:1  | Found a transporter.
 22007 | Snake:1  | Found a transporter.
 22024 | Snake:1  | Found a bloodstained altar of Trog.
 22046 | Snake:1  | Noticed Keuh's ghost (adept VSFi)
 22456 | Snake:1  | Reached skill level 20 in Dodging
 22460 | Snake:1  | HP: 24/120 [+1 glaive of freezing[the rancor of the Wu Jian
                  | Council] (18)]
 22461 | Snake:1  | Slain by a +2 dire flail of electrocution

Vanquished Creatures
  Jorgrun (D:12)
  Kirke (Lair:3)
  Nessos (D:12)
  Josephine (D:12)
  4 hydras
  Erolcha (Orc:2)
  A catoblepas (Lair:1)
  5 two-headed ogres
  5 centaur warriors
  An ogre mage (D:13)
  3 boulder beetles
  4 tengu warriors
  A death yak (Lair:4)
  A naga warrior (Snake:1)
  Urug (D:10)
  A skyshark (Lair:3)
  A deep elf knight (D:13)
  A skeletal warrior (D:13)
  Lodul (D:10)
  A bog body (Lair:3)
  A necromancer (D:15)
  3 wizards (D:15)
  2 deep elf zephyrmancers
  Pikel (D:7)
  2 orc knights
  A mana viper (Snake:1)
  2 oklob plants (Lair:1)
  4 manticores
  13 orc sorcerers
  5 deep elf pyromancers
  8 cyclopes
  5 salamanders
  17 ugly things
  2 merfolk sirens (Lair:3)
  7 black mambas
  A centaur zombie (D:15)
  A black mamba (shapeshifter) (D:15)
  An unseen horror (D:10)
  5 centaur skeletons
  A torpor snail (Lair:4)
  3 rime drakes
  16 cane toads
  2 freezing wraiths
  An efreet (D:14)
  3 kobold demonologists
  2 ice devils (Lair:3)
  2 tengu conjurers
  6 komodo dragons
  7 trolls
  2 merfolk (Lair:3)
  2 polar bears (Lair:3)
  10 blink frogs
  3 meliai (D:15)
  4 dancing weapons (Snake:1)
  2 hornets
  3 slime creatures (D:12)
  A meliai zombie (D:15)
  A shadow (D:13)
  2 wyverns
  Sigmund (D:2)
  5 wraiths
  31 yaks
  A vampire (D:11)
  2 basilisks
  2 hogs (Lair:3)
  3 steam dragons
  5 vampire mosquitoes
  Menkaure (D:4)
  3 nagas (Snake:1)
  2 two-headed ogre zombies (D:10)
  4 acid dragons
  17 water moccasins
  2 black bears
  11 orc warriors
  17 ogres
  17 wolves
  16 centaurs
  4 phantoms
  5 kobold brigands
  10 bullfrogs
  Blork the orc (D:5)
  A gnoll sergeant (D:11)
  A two-headed ogre simulacrum (Lair:3)
  A cane toad simulacrum (Lair:3)
  A scorpion (D:5)
  6 wights
  9 killer bees
  A howler monkey (D:5)
  3 lava snakes (Lair:2)
  4 crimson imps (D:6)
  7 hounds
  2 jellies
  Crazy Yiuf (D:4)
  10 orc priests
  Jessica (D:2)
  5 iguanas
  23 orc wizards
  3 spriggan simulacra (Lair:3)
  A troll simulacrum (Lair:3)
  6 ogre zombies (D:10)
  11 gnolls
  A river rat (D:5)
  11 adders
  A naga simulacrum (Lair:3)
  2 shadow imps
  A white imp (D:8)
  4 ufetubi
  2 worms
  2 dart slugs
  56 orcs
  7 ball pythons
  10 endoplasms
  2 giant cockroaches
  7 goblins
  10 hobgoblins
  2 jackals (D:4)
  2 quokkas
  4 bats
  3 frilled lizards
  3 goblin skeletons (D:10)
  3 goblin zombies (D:10)
  2 hobgoblin skeletons (D:10)
  3 hobgoblin zombies (D:10)
  20 kobolds
  14 orc zombies (D:10)
  4 rats
623 creatures vanquished.

Vanquished Creatures (others)
  2 humans (Lair:3)
  A jelly (Snake:1)
  14 fungi
  13 plants
  2 withered plants (D:3)
32 creatures vanquished.

Grand Total: 655 creatures vanquished

Table legend:
 A = Non-vault XP
 B = Vault XP
 C = Vault XP percentage of total XP
 D = Non-vault monster count
 E = Vault monster count
 F = Vault count percentage of total count
                 A         B        C        D         E       F
            +---------+---------+-------+---------+---------+-------
      Total |   84406 |   41626 |  33.0 |     444 |     175 |  28.3
            +---------+---------+-------+---------+---------+-------
        D:1 |      24 |       0 |   0.0 |      16 |       0 |   0.0
        D:2 |      58 |     247 |  81.0 |      17 |       2 |  10.5
        D:3 |      68 |       0 |   0.0 |      15 |       0 |   0.0
        D:4 |     723 |     272 |  27.3 |      33 |       8 |  19.5
        D:5 |     619 |     112 |  15.3 |      17 |       4 |  19.0
        D:6 |     722 |     194 |  21.2 |      28 |       4 |  12.5
        D:7 |     726 |     617 |  45.9 |      12 |       1 |   7.7
        D:8 |     673 |       0 |   0.0 |      14 |       0 |   0.0
        D:9 |    3072 |       0 |   0.0 |      27 |       0 |   0.0
       D:10 |    2782 |    4058 |  59.3 |      16 |      48 |  75.0
       D:11 |    6331 |       0 |   0.0 |      29 |       0 |   0.0
       D:12 |    5679 |    4451 |  43.9 |      11 |       6 |  35.3
       D:13 |    4829 |    9135 |  65.4 |      12 |      19 |  61.3
       D:14 |   14271 |       0 |   0.0 |      30 |       0 |   0.0
       D:15 |   12222 |    4252 |  25.8 |      27 |       8 |  22.9
     Lair:1 |    5427 |    3069 |  36.1 |      16 |       8 |  33.3
     Lair:2 |    7639 |    2006 |  20.8 |      36 |      11 |  23.4
     Lair:3 |    7875 |    6426 |  44.9 |      29 |      22 |  43.1
     Lair:4 |    2805 |       0 |   0.0 |      10 |       0 |   0.0
    Snake:1 |    4978 |       0 |   0.0 |      11 |       0 |   0.0
      Orc:1 |    1222 |       0 |   0.0 |      14 |       0 |   0.0
      Orc:2 |    1661 |    6787 |  80.3 |      24 |      34 |  58.6
            +---------+---------+-------+---------+---------+-------

Illustrated notes

Table legend:
 A = Kills in this place as a percentage of kills in the entire game.
 B = Kills by you in this place as a percentage of kills by you in the entire game.
 C = Kills by friends in this place as a percentage of kills by friends in the entire game.
 D = Other kills in this place as a percentage of other kills in the entire game.
 E = Experience gained in this place as a percentage of experience gained in the entire game.
 F = Experience gained in this place divided by the number of levels of this place that you have seen.
                   A       B       C       D       E      F
               +-------+-------+-------+-------+-------+----------------------
         Total | 100.0 | 100.0 |   N/A |   N/A | 100.0 | 5479.7
       Dungeon |  65.3 |  65.3 |   N/A |   N/A |  60.4 | 5075.8
          Lair |  21.3 |  21.3 |   N/A |   N/A |  28.0 | 8811.8
     Snake Pit |   1.8 |   1.8 |   N/A |   N/A |   3.9 | 4978.0
  Orcish Mines |  11.6 |  11.6 |   N/A |   N/A |   7.7 | 4835.0
               +-------+-------+-------+-------+-------+----------------------

Table legend: (Time is in decaauts)
 A = Elapsed time spent in this place.
 B = Non-inter-level travel time spent in this place.
 C = Inter-level travel time spent in this place.
 D = Time resting spent in this place.
 E = Time spent auto-exploring this place.
 F = Levels seen in this place.
 G = Mean time per level.
                   A        B        C        D        E       F      G
               +--------+--------+--------+--------+--------+-----+--------+
         Total |  21887 |  20228 |   1659 |    786 |  15660 |  23 |  951.6 |
       Dungeon |  14934 |  13684 |   1250 |    585 |  10493 |  15 |  995.6 |
        Temple |     40 |     29 |     11 |      0 |      8 |   1 |   40.0 |
          Lair |   5150 |   4833 |    317 |     82 |   4014 |   4 | 1287.5 |
     Snake Pit |    538 |    538 |      0 |      0 |    419 |   1 |  538.0 |
  Orcish Mines |   1223 |   1143 |     80 |    119 |    725 |   2 |  611.5 |
               +--------+--------+--------+--------+--------+-----+--------+

Top non-repeatable levels by time:
  Lair:3: 1598 daAuts
    D:13: 1314 daAuts
  Lair:1: 1301 daAuts
     D:9: 1251 daAuts
    D:15: 1242 daAuts
  Lair:2: 1186 daAuts
     D:7: 1130 daAuts
  Lair:4: 1064 daAuts
     D:4: 1041 daAuts
     D:3: 1033 daAuts
   Orc:2: 965 daAuts
    D:14: 951 daAuts
    D:12: 942 daAuts
    D:10: 930 daAuts
     D:5: 897 daAuts
